 Dungeon Crawl Stone Soup version 0.22.1-2-g9c5b331383 (webtiles) character file.

862 Morenatsu the Thaumaturge (level 7, -5/50 HPs)
             Began as a Grey Draconian Conjurer on Dec 22, 2018.
             Slain by a wraith (12 damage)
             ... in an ossuary.
             The game lasted 00:14:46 (4097 turns).

Morenatsu the Thaumaturge (Grey Draconian Conjurer) Turns: 4097, Time: 00:14:47

Health: -5/50      AC: 11    Str: 10    XL:     7   Next: 72%
Magic:  21/21      EV: 12    Int: 17    God:
Gold:   184        SH:  0    Dex: 12    Spells: 27/28 levels left

rFire    + . .     SeeInvis .   m - +4 mace (holy)
rCold    + . .     Gourm    .   (no shield)
rNeg     + + .     Faith    .   (armour unavailable)
rPois    .         Spirit   .   (helmet restricted)
rElec    .         Reflect  .   n - scarf {rC+ rF+}
rCorr    .         Harm     .   (no gloves)
MR       .....                  (no boots)
Stlth    ++........             (no amulet)
HPRegen  0.16/turn              a - ring of positive energy
MPRegen  0.17/turn              g - ring of positive energy

@: slowed, drained, very slow
A: walk through water, unfitting armour, unbreathing, cold-blooded, AC +11
a: no special abilities


You were in an ossuary.
You were not hungry.

You visited 1 branch of the dungeon, and saw 4 of its levels.
You also visited: Ossuary.

You collected 184 gold pieces.

Inventory:

Hand Weapons
 m - a +4 mace of holy wrath (weapon)
Armour
 n - a scarf of resistance (worn)
Jewellery
 a - a ring of positive energy (left hand)
 g - a ring of positive energy (right hand)
Wands
 e - a wand of clouds (6)
Scrolls
 c - 5 scrolls of remove curse
 d - 5 scrolls of identify
 f - a scroll of enchant armour
 o - a scroll of enchant weapon
 p - a scroll of fog {unknown}
 q - a scroll of amnesia {unknown}
 r - 2 scrolls of teleportation {unknown}
Potions
 h - a potion of haste
 j - 2 potions of agility
Comestibles
 b - 7 rations


   Skills:
 - Level 1.7 Dodging
 - Level 1.7 Stealth
 - Level 11.4 Spellcasting
 + Level 8.0 Conjurations


You had 27 spell levels left.
You knew the following spells:

 Your Spells              Type           Power        Failure   Level  Hunger
a - Magic Dart            Conj           ####         1%          1    None

Your spell library contained the following spells:

 Spells                   Type           Power        Failure   Level  Hunger
 Searing Ray              Conj           #####.       1%          2    None
 Iskenderun's Mystic Bla  Conj           #####...     2%          4    ##.....
 Dazzling Spray           Conj/Hex       ###...       4%          3    None
 Animate Skeleton         Necr           N/A          8%          1    None
 Pain                     Necr           #...         8%          1    None
 Force Lance              Conj/Tloc      ###.....     14%         4    ##.....
 Fulminant Prism          Conj/Hex       ###.......   14%         4    ##.....
 Regeneration             Chrm/Necr      #.........   22%         3    None
 Vampiric Draining        Necr           #.........   22%         3    None
 Animate Dead             Necr           N/A          58%         4    ##.....


Dungeon Overview and Level Annotations

Branches:
Dungeon (4/15)
 Temple: D:4-7

Altars:


Innate Abilities, Weirdness & Mutations

You can walk through water.
Your dull iron-grey scales are very hard. (AC +11)
You cannot fit into any form of body armour.
You can survive without breathing.
You are cold-blooded and may be slowed by cold attacks.


Message History

The wraith hits you. The wraith drains your vigour!
You feel as though you will be slow longer.
There is an open door here.
The wraith closely misses you. The wraith hits you but does no damage.
The wraith hits you. The wraith drains your vigour!
You feel as though you will be slow longer.
There is an open door here.
The wraith hits you! The wraith drains your vigour!
You feel as though you will be slow longer.
The wraith hits you. The wraith drains your vigour!
You feel as though you will be slow longer.
The wraith hits you! The wraith hits you!
* * * LOW HITPOINT WARNING * * *
The wraith drains your vigour!
You feel as though you will be slow longer.
There is an open door here.
The wraith hits you!
You die...

###.###
#.'.'.#
###.###
#.'.'.#
###.###
#.'.'.#
###.###
#.'.'.#
###@###
###W###
#.....#
#.8.8.#
#.....#
#.8.8.#
#.....#
###.###
#.#


You could see a wraith.

Vanquished Creatures
  A wraith (Ossuary)
  A necrophage (D:3)
  A wight (Ossuary)
  Crazy Yiuf (D:2)
  2 orc wizards (D:3)
  Robin (D:1)
  4 gnolls (D:3)
  4 adders
  An ooze (D:4)
  An adder zombie (Ossuary)
  A worm (D:2)
  3 dart slugs
  4 leopard geckos
  3 orcs (D:3)
  5 giant cockroaches
  8 hobgoblins
  3 jackals (D:2)
  7 kobolds
  A quokka (D:3)
  7 bats
  4 frilled lizards
  16 goblins
  3 hobgoblin skeletons (Ossuary)
  2 hobgoblin zombies (Ossuary)
  3 kobold zombies (Ossuary)
  An orc zombie (Ossuary)
  7 rats
95 creatures vanquished.

Notes
Turn   | Place    | Note
-------+----------+-------------------------------------------
     0 | D:1      | Morenatsu the Draconian Conjurer began the quest for the
                  | Orb.
     0 | D:1      | Reached XP level 1. HP: 14/14 MP: 3/3
   285 | D:1      | Reached XP level 2. HP: 20/20 MP: 3/5
  1149 | D:1      | Reached skill level 5 in Conjurations
  1154 | D:1      | Reached XP level 3. HP: 14/26 MP: 0/6
  1319 | D:2      | Noticed Robin
  1455 | D:1      | Killed Robin
  1704 | D:2      | Reached XP level 4. HP: 26/33 MP: 1/7
  2263 | D:2      | Found a runed door.
  2267 | D:2      | Noticed Crazy Yiuf
  2277 | D:2      | Killed Crazy Yiuf
  2639 | D:3      | Reached XP level 5. HP: 33/38 MP: 0/8
  3035 | D:3      | Noticed a necrophage
  3049 | D:3      | Killed a necrophage
  3049 | D:3      | Reached XP level 6. HP: 43/45 MP: 4/9
  3330 | D:3      | Reached skill level 11 in Spellcasting
  3330 | D:3      | Your scales start taking on a dull iron-grey colour.
  3330 | D:3      | Reached XP level 7. HP: 50/50 MP: 9/21
  3330 | D:3      | Gained mutation: You can survive without breathing. [Grey
                  | Draconian growth]
  3621 | D:4      | Found a sand-covered staircase.
  3631 | Ossuary  | Entered an ossuary
  3741 | Ossuary  | Noticed a flying skull
  3741 | Ossuary  | Noticed a wraith
  3747 | Ossuary  | Noticed a flying skull
  3773 | Ossuary  | Noticed a flying skull
  3782 | Ossuary  | Noticed a wraith
  3798 | Ossuary  | Killed a wraith
  4077 | Ossuary  | Noticed a wraith
  4097 | Ossuary  | Slain by a wraith

Skill      XL: |  1  2  3  4  5  6  7 |
---------------+----------------------+-----
Conjurations   | 5 6 7 8 |  8.0
Spellcasting   | 11 | 11.4
Dodging        | |  1.7
Stealth        | |  1.7

Action                   |  1- 3 |  4- 6 |  7- 9 || total
-------------------------+-------+-------+-------++-------
Melee: Unarmed           |     4 |       |       ||     4
       Tailslap          |    11 |     2 |     6 ||    19
       Whip              |    63 |       |       ||    63
       Short sword       |     1 |       |       ||     1
       Mace              |       |    47 |    51 ||    98
 Cast: Magic Dart        |    63 |    60 |    12 ||   135
  Use: Scroll            |     2 |     6 |       ||     8
       Potion            |       |     2 |     5 ||     7
 Stab: Sleeping          |       |       |     7 ||     7
  Eat: Chunk             |     4 |     6 |       ||    10
       Ration            |       |       |     1 ||     1
Armor: Skin              |    44 |     7 |    20 ||    71
Dodge: Dodged            |    84 |    41 |    28 ||   153
